 Dungeon Crawl Stone Soup version 0.31-a0-569-g7ea453304b (webtiles) character file.

Game seed: 2584976093024149533

1262 Ethylacetat the Ducker (level 8, -5/55 HPs)
             Began as an Octopode Gladiator on Aug 18, 2023.
             Slain by an ice beast (10 damage)
             ... on level 5 of the Dungeon.
             The game lasted 00:04:38 (4448 turns).

Ethylacetat the Ducker (Octopode Gladiator)         Turns: 4448, Time: 00:04:39

Health: -5/55      AC:  1    Str: 13    XL:     8   Next: 52%
Magic:  8/8        EV: 15    Int: 11    God:
Gold:   310        SH:  0    Dex: 15    Spells: 7/7 levels left

rFire   . .          .
                       - Unarmed
rCold   . . .        (no shield)
rNeg    + . .        a - +0 hat
rPois   .            (no amulet)
rElec   .            e - ring of willpower
rCorr   .            f - +4 ring of slaying
SInv    .            j - ring of positive energy
Will    +....        (no ring)
Stlth   ++           (no ring)
HPRegen 0.29/turn    (no ring)
MPRegen 0.11/turn    (no ring)
                     (no ring)

%: no passive effects
@: no status effects
A: almost no armour, amphibious, 8 rings, camouflage 1, gelatinous body 1,
(nimble swimmer 1), tentacles
a: no special abilities


You were on level 5 of the Dungeon.
You visited 1 branch of the dungeon, and saw 5 of its levels.

You collected 310 gold pieces.

Inventory:

Missiles
 b - a throwing net (quivered)
 c - a javelin
Armour
 a - a +0 hat (worn)
Jewellery
 e - a ring of willpower (left tentacle)
 f - a +4 ring of slaying (right tentacle)
 j - a ring of positive energy (on tentacle)
Talismans
 n - a flux talisman
Wands
 q - a wand of roots (7)
Scrolls
 g - a scroll of noise {unknown}
 i - 2 scrolls of identify {unknown}
 k - a scroll of enchant armour {unknown}
 l - a scroll of fear {unknown}
 o - 2 scrolls of silence {unknown}
 p - a scroll of teleportation {unknown}
Potions
 d - a potion of invisibility {unknown}
 h - a potion of brilliance {unknown}
 m - a potion of heal wounds {unknown}


   Skills:
 + Level 5.1 Fighting
 - Level 2.0 Throwing
 + Level 5.5 Dodging
 + Level 5.5 Unarmed Combat
 * Level 4.6 Shapeshifting


You had 7 spell levels left.
You didn't know any spells.
Your spell library contained the following spells:

 Spells                   Type           Power      Damage    Failure   Level
 Freeze                   Ice            0%         1d3       34%         1
 Static Discharge         Conj/Air       0%         2-2/arc   47%         2
 Frozen Ramparts          Ice            0%         1d1       71%         3
 Hailstorm                Conj/Ice       0%         3d3       71%         3
 Portal Projectile        Hex/Tloc       0%         N/A       71%         3
 Tukima's Dance           Hex            0%         N/A       71%         3
 Airstrike                Air            0%         2d(0-16)  98%         4
 Iskenderun's Mystic Bla  Conj/Tloc      0%         2d3       98%         4
 Summon Lightning Spire   Summ/Air       0%         N/A       98%         4


Dungeon Overview and Level Annotations

Branches:
Dungeon (5/15)
 Temple: D:4-7

Altars:
Cheibriados
Dithmenos
Fedhas
Hepliaklqana
Kikubaaqudgha
Nemelex Xobeh
Okawaru
Uskayaw
Wu Jian
Xom


Innate Abilities, Weirdness & Mutations

You cannot wear most types of armour.
You are amphibious.
You can wear up to eight rings at the same time.
Your skin changes colour to match your surroundings (Stealth+).
Your rubbery body absorbs attacks. (AC +1, EV +1)
((You are camouflaged when in or above water. (Stealth+)))
You have tentacles for arms and can constrict up to eight enemies at once.


Message History

You kill the orc!
No target in view!
You now have 295 gold pieces (gained 4).
Things that are here:
a +0 club; a boomerang; a +0 ring mail
Found a chain mail.
You now have 310 gold pieces (gained 15).
No target in view!
Key pressed, stopping explore.
No target in view!
No target in view!
An ice beast comes into view.
Found a stone staircase leading down.
An ice beast is nearby!
The ice beast closely misses you.
You closely miss the ice beast. The ice beast hits you.
The ice beast freezes you!
You tentacle-slap the ice beast but do no damage.
The ice beast misses you.
You barely miss the ice beast. The ice beast closely misses you.
You completely miss the ice beast. The ice beast hits you.
The ice beast freezes you!
You are too injured to fight recklessly!
You are too injured to fight recklessly!
You tentacle-slap the ice beast but do no damage.
The ice beast hits you but does no damage.
You tentacle-slap the ice beast. You squeeze the ice beast.
The ice beast is lightly wounded.
The ice beast hits you. The ice beast freezes you!
* * * LOW HITPOINT WARNING * * *
Okay, then.
Throw: 2 throwing nets
Press: ? - help, Q - select action, (/) - cycle Shift-Dir - straight line, f - ice beast
Aim: an ice beast (lightly wounded, 64% to hit)
You throw a throwing net.
The throwing net barely misses the ice beast.
The ice beast hits you.
* * * LOW HITPOINT WARNING * * *
The ice beast freezes you!
You die...

######## #.......
#.###### #.# #. #.#
##. # #.# #..
....#############.#
#..
(.>...Y@.......##.#
#..
.....#########.##.#
#.. ...
....)...##.##.#####.
.
....................
#######.##.##.#####.
#.##.##.# #. #.#.
.##...# #.#...#.# #.
##.#........#
#.#...#.# ###.
..........#
#.#...#.# #...


You could see an ice beast.

Vanquished Creatures
  Pikel (D:4)
  Sigmund (D:5)
  The ghost of Voker57 the Gusty, an amateur DsWn (D:4)
  A centaur (D:5)
  A lemure (D:4)
  A scorpion (D:5)
  2 howler monkeys
  3 iguanas
  2 orc wizards
  Ijyb (D:5)
  9 adders
  4 worms
  3 dart slugs
  9 orcs
  7 bats
  6 endoplasms
  3 giant cockroaches
  2 goblins (D:2)
  8 hobgoblins
  6 jackals
  9 kobolds
  A quokka (D:4)
  5 ball pythons
  3 frilled lizards (D:1)
  7 rats
96 creatures vanquished.

Notes
Turn   | Place    | Note
-------+----------+-------------------------------------------
     0 | D:1      | Ethylacetat the Octopode Gladiator began the quest for the
                  | Orb.
     0 | D:1      | Reached XP level 1. HP: 14/14 MP: 1/1
   163 | D:1      | Reached XP level 2. HP: 11/19 MP: 2/2
   557 | D:1      | Found a faded altar of an unknown god.
   712 | D:1      | Reached XP level 3. HP: 20/25 MP: 3/3
  1245 | D:2      | Reached XP level 4. HP: 24/30 MP: 4/4
  2342 | D:3      | Found an ornate altar of the Wu Jian Council.
  2342 | D:3      | Found a blossoming altar of Fedhas.
  2507 | D:4      | Reached XP level 5. HP: 22/36 MP: 5/5
  2709 | D:4      | Reached skill level 1 in Shapeshifting
  3086 | D:4      | Found a runed translucent door.
  3105 | D:4      | Noticed Pikel
  3105 | D:4      | Noticed a lemure
  3106 | D:4      | Noticed a lemure
  3107 | D:4      | Noticed a lemure
  3108 | D:4      | Noticed a lemure
  3112 | D:4      | Killed a lemure
  3122 | D:4      | Killed Pikel
  3123 | D:4      | Reached XP level 6. HP: 7/43 MP: 6/6
  3123 | D:4      | Reached XP level 7. HP: 7/48 MP: 7/7
  3283 | D:4      | Noticed Voker57's ghost (amateur DsWn)
  3300 | D:4      | Killed Voker57's ghost
  3301 | D:4      | Reached skill level 5 in Dodging
  3301 | D:4      | Reached skill level 5 in Unarmed Combat
  3420 | D:4      | Found a hazy altar of Hepliaklqana.
  3423 | D:4      | Found an iron altar of Okawaru.
  3429 | D:4      | Found an ancient bone altar of Kikubaaqudgha.
  3430 | D:4      | Found a hide-covered altar of Uskayaw.
  3432 | D:4      | Found a shadowy altar of Dithmenos.
  3433 | D:4      | Found a snail-covered altar of Cheibriados.
  3465 | D:4      | Found a sparkling altar of Nemelex Xobeh.
  3466 | D:4      | Found a shimmering altar of Xom.
  3756 | D:5      | Entered Level 5 of the Dungeon
  3776 | D:5      | Noticed Sigmund
  3783 | D:5      | Killed Sigmund
  3784 | D:5      | Reached XP level 8. HP: 44/54 MP: 8/8
  3982 | D:5      | Noticed Ijyb
  3987 | D:5      | Killed Ijyb
  4080 | D:5      | Reached skill level 5 in Fighting
  4448 | D:5      | Slain by an ice beast

Illustrated notes

Levels and vault maps discovered:
D:1:      dpeg_cavernosity, layout_basic, nicolae_ecumenical_lake_church
D:2:      layout_basic, minivault_26
D:3:      layout_loops_cross, gammafunk_temple_overflow_statue
D:4:      layout_basic, nicolae_overflow_hallway_of_the_gods,
          ebering_ghost_sewer_d, serial_bayou_pond_b, uniq_pikel
D:5:      cheibrodos_quashed, layout_basic, uniq_sigmund, uniq_ijyb

Skill      XL: |  1  2  3  4  5  6  7  8 |
---------------+-------------------------+-----
Fighting       | 3 4 5 |  5.1
Dodging        | 4 5 |  5.5
Unarmed Combat | 4 5 |  5.5
Shapeshifting  | 3 4 |  4.6
Throwing       | |  2.0

Action                     |  1- 3 |  4- 6 |  7- 9 || total
---------------------------+-------+-------+-------++-------
  Melee: Unarmed           |    73 |    73 |    69 ||   215
         Constrict         |    19 |    19 |    19 ||    57
         Tentacles         |    11 |    15 |    18 ||    44
         Punch             |     1 |     1 |     5 ||     7
  Throw: Throwing net      |       |     2 |     1 ||     3
   Stab: Sleeping          |    10 |     4 |     1 ||    15
         Distracted        |       |     1 |       ||     1
 Armour: Skin              |     7 |     2 |     2 ||    11
  Dodge: Dodged            |    29 |    48 |    51 ||   128

Table legend: (Time is in decaauts)
 A = Elapsed time spent in this place.
 B = Non-inter-level travel time spent in this place.
 C = Inter-level travel time spent in this place.
 D = Time resting spent in this place.
 E = Time spent auto-exploring this place.
 F = Levels seen in this place.
 G = Mean time per level.
                   A        B        C        D        E       F      G
               +--------+--------+--------+--------+--------+-----+--------+
         Total |   4429 |   4208 |    221 |      0 |   3612 |   5 |  885.8 |
       Dungeon |   4429 |   4208 |    221 |      0 |   3612 |   5 |  885.8 |
               +--------+--------+--------+--------+--------+-----+--------+

Top non-repeatable levels by time:
     D:4: 1286 daAuts
     D:1: 1019 daAuts
     D:2: 782 daAuts
     D:5: 687 daAuts
     D:3: 653 daAuts
